 Dungeon Crawl Stone Soup version 0.20.1-1-g8b1a95d (webtiles) character file.

216 Linguinho the Digger (level 5, -2/38 HPs)
             Began as a Draconian Earth Elementalist on Oct 31, 2017.
             Slain by an iguana (8 damage)
             ... on level 4 of the Dungeon.
             The game lasted 00:09:06 (3366 turns).

Linguinho the Digger (Draconian Earth Elementalist) Turns: 3366, Time: 00:09:07

Health: -2/38      AC:  5    Str: 10    XL:     5   Next: 61%
Magic:  0/10       EV: 14    Int: 16    God:
Gold:   204        SH:  0    Dex: 12    Spells: 5/11 levels left

rFire    . . .     SeeInvis .   x - -3 spear (curse)
rCold    . . .     Gourm    .   (no shield)
rNeg     . . .     Faith    .   (armour unavailable)
rPois    .         Spirit   .   (helmet restricted)
rElec    .         Reflect  .   (no cloak)
rCorr    .         Harm     .   (no gloves)
MR       .....                  (no boots)
Stlth    ++........             (no amulet)
Regen    0.2/turn               s - +2 ring of evasion
MPRegen  0.2/turn               (no ring)

@: no status effects
A: unfitting armour, cold-blooded, AC +5
a: no special abilities


You were on level 4 of the Dungeon.
You were very hungry.

You visited 1 branch of the dungeon, and saw 4 of its levels.

You collected 204 gold pieces.

Inventory:

Hand Weapons
 n - a +0 spear
 x - a cursed -3 spear (weapon)
Missiles
 b - 76 stones
 g - 9 javelins (quivered)
Armour
 e - a +0 pair of gloves
Jewellery
 o - a +4 ring of protection
 s - a +2 ring of evasion (left hand)
Scrolls
 a - 2 scrolls of magic mapping
 i - 2 scrolls of remove curse {unknown}
 j - 3 scrolls of fear
 p - a scroll of recharging {unknown}
 q - 2 scrolls of enchant weapon
 r - 2 scrolls of amnesia {unknown}
 t - 3 scrolls of fog
 z - a scroll of enchant armour {unknown}
Potions
 h - a potion of lignification {unknown}
 l - 4 potions of curing {unknown}
 m - a potion of degeneration {unknown}
 u - a potion of resistance {unknown}
 v - a potion of brilliance {unknown}
 w - 2 potions of flight {unknown}
 A - a potion of agility {unknown}
Books
 d - a book of Geomancy

   Spells                             Type                      Level
   a - Sandblast                      Earth                        1
   b - Passwall                       Transmutation/Earth          2
   c - Stone Arrow                    Conjuration/Earth            3
   d - Petrify                        Transmutation/Earth          4
   e - Lee's Rapid Deconstruction     Earth                        5
 y - a book of Misfortune

   Spells                             Type                      Level
   a - Confusing Touch                Hexes                        1
   b - Confuse                        Hexes                        3
   c - Gell's Gravitas                Translocation                3
   d - Petrify                        Transmutation/Earth          4
   e - Metabolic Englaciation         Hexes/Ice                    5
   f - Yara's Violent Unravelling     Hexes/Transmutation          5
Comestibles
 c - 5 bread rations
 f - 3 meat rations
 k - 2 royal jellies


   Skills:
 + Level 0.2 Fighting
 + Level 2.0 Polearms
 - Level 0.3 Throwing
 - Level 1.7 Dodging
 - Level 1.7 Stealth
 + Level 3.8 Spellcasting
 + Level 1.0 Transmutations
 + Level 4.5 Earth Magic


You had 5 spell levels left.
You knew the following spells:

 Your Spells              Type           Power        Failure   Level  Hunger
a - Sandblast             Erth           ###...       2%          1    None
b - Stone Arrow           Conj/Erth      ##....       21%         3    ###....
c - Passwall              Tmut/Erth      ##........   9%          2    ##.....


Dungeon Overview and Level Annotations

Branches:
Dungeon (4/15)
 Temple: D:4-7

Altars:
Dithmenos
Elyvilon
Gozag
Makhleb

Annotations:
D:4 HammerPanzer's ghost, novice MiBe


Innate Abilities, Weirdness & Mutations

Your plain brown scales are hard. (AC +5)
You cannot fit into any form of body armour.
You are cold-blooded and may be slowed by cold attacks.


Message History

* * * LOW HITPOINT WARNING * * *
Casting: Sandblast
Confirm with . or Enter, or press ? or * to list all spells.
Aiming: Sandblast
Press: ? - help, Shift-Dir - straight line, f/p - iguana
Aim: an iguana (almost dead)
The blast of sand hits the iguana.
The iguana is almost dead.
b - 77 stones The iguana closely misses you.
Casting: Sandblast
Confirm with . or Enter, or press ? or * to list all spells.
Aiming: Sandblast
Press: ? - help, Shift-Dir - straight line, f/p - iguana
Aim: an iguana (almost dead)
The blast of sand hits the iguana.
The iguana is almost dead.
b - 76 stones The iguana bites you!
You die...

####
..#
#.#
#<#
#@#
#l#
#.#
#.#
#.#
#.#
#.#
...


You could see an iguana.

Vanquished Creatures
  A crimson imp (D:3)
  2 orc wizards (D:3)
  6 adders
  A worm (D:2)
  A dart slug (D:1)
  A leopard gecko (D:2)
  4 orcs
  5 giant cockroaches
  5 goblins
  9 hobgoblins
  4 jackals (D:2)
  10 kobolds
  A ball python (D:3)
  5 bats
  3 frilled lizards
  8 rats
66 creatures vanquished.

Notes
Turn   | Place    | Note
-------+----------+-------------------------------------------
     0 | D:1      | Linguinho the Draconian Earth Elementalist began the quest for the Orb.
     0 | D:1      | Reached XP level 1. HP: 14/14 MP: 3/3
   287 | D:1      | Reached XP level 2. HP: 17/20 MP: 0/5
  1039 | D:2      | Reached XP level 3. HP: 22/26 MP: 6/6
  1327 | D:2      | Reached skill level 4 in Earth Magic
  1484 | D:2      | Reached XP level 4. HP: 33/33 MP: 8/8
  1556 | D:2      | Learned a level 3 spell: Stone Arrow
  1559 | D:2      | Learned a level 2 spell: Passwall
  1764 | D:3      | Reached skill level 1 in Polearms
  2016 | D:3      | Reached XP level 5. HP: 32/38 MP: 6/10
  2523 | D:3      | Found an opulent altar of Gozag.
  2523 | D:3      | Found a burning altar of Makhleb.
  2528 | D:3      | Found a shadowy altar of Dithmenos.
  2530 | D:3      | Found a faded altar of an unknown god.
  2532 | D:3      | Found a white marble altar of Elyvilon.
  2732 | D:4      | Noticed HammerPanzer's ghost (novice MiBe)
  3366 | D:4      | Slain by an iguana

Skill      XL: |  1  2  3  4  5 |
---------------+----------------+-----
Spellcasting   | 3 |  3.8
Earth Magic    | 4 |  4.5
Polearms       | 1 2 |  2.0
Fighting       | |  0.2
Throwing       | |  0.3
Dodging        | |  1.7
Stealth        | |  1.7
Transmutations | |  1.0

Action                   |  1- 3 |  4- 6 || total
-------------------------+-------+-------++-------
Melee: Unarmed           |    32 |       ||    32
       Tailslap          |    10 |     4 ||    14
       Spear             |    61 |    63 ||   124
Throw: Javelin           |     4 |    29 ||    33
       Stone             |     1 |       ||     1
 Cast: Sandblast         |    34 |    44 ||    78
  Use: Scroll            |       |     4 ||     4
 Stab: Sleeping          |     3 |     2 ||     5
  Eat: Chunk             |     2 |     5 ||     7
Armor: Skin              |    41 |    25 ||    66
Dodge: Dodged            |    75 |    45 ||   120
